TOP OF THE 1ST |
University of Virginia Cavaliers batting - Pitching for University of Nebraska Cornhuskers : LHP Chris Salazar
|
Pitching: LHP Chris Salazar
|
|
Batting: RHB Rohit Gadhavi
|
0-0: Bunt for hit to 13 - play at first, batter safe!
|
Batting: RHB Kevin Steed
|
0-0: Called Strike Rohit Gadhavi is caught stealing 2nd base 2-4 0-1: DOUBLE (Groundball, 5L, EV 106.9 MPH)
|
Batting: RHB Arnaud Derosiers
|
0-0: Called Strike 0-1: Fly out, F8 (Flyball, 89M, EV 86.9 MPH)
|
Batting: RHB Leo Villa
|
0-0: SINGLE (Line Drive, 9LS, EV 96.9 MPH) Kevin Steed to third
|
Batting: RHB Adam Dudek
|
0-0: Ball 1-0: Fly out, F8 (Flyball, 8LD, EV 99.4 MPH)
|
Top of the 1st over - 0 runs, 3 hits, 0 errors, 2 left on base; University of Virginia 0 - University of Nebraska 0 |
BOTTOM OF THE 1ST |
University of Nebraska Cornhuskers batting - Pitching for University of Virginia Cavaliers : RHP Yann Donizetti
|
Pitching: RHP Yann Donizetti
|
|
Batting: RHB Quan Tai
|
0-0: Ball 1-0: Swinging Strike 1-1: SINGLE (Groundball, 6MD, EV 98.1 MPH)
|
Batting: LHB Duda Pinho
|
0-0: Called Strike 0-1: Fielders Choice at 2nd, 4-6 (Groundball, 34, EV 103.8 MPH)
|
Batting: LHB Fernão Manta
|
0-0: Ball 1-0: Foul Ball, location: 2F 1-1: Swinging Strike 1-2: Ball 2-2: Foul Ball, location: 2F 2-2: Foul Ball, location: 2F 2-2: Ball 3-2: Fielders Choice at 2nd, 6-4 (Groundball, 6, EV 104.4 MPH)
|
Batting: SHB Karl Starnes
|
0-0: Ball 1-0: Ground out 2-3 (Groundball, 2L, EV 65.0 MPH)
|
Bottom of the 1st over - 0 runs, 1 hit, 0 errors, 1 left on base; University of Virginia 0 - University of Nebraska 0 |
TOP OF THE 2ND |
University of Virginia Cavaliers batting - Pitching for University of Nebraska Cornhuskers : LHP Chris Salazar
|
Batting: LHB Jesse Westmoreland
|
0-0: Ball 1-0: Foul Ball, location: 2F 1-1: Foul Ball, location: 2F 1-2: SINGLE (Groundball, 34D, EV 104.4 MPH)
|
Batting: RHB Matt Peddle
|
0-0: 2-RUN HOME RUN (Flyball, 78XD, EV 100.6 MPH), Distance : 427 ft
|
Batting: RHB Matt Sobolewski
|
0-0: Ball 1-0: Foul Ball, location: 2F 1-1: SINGLE (Flyball, 4MD, EV 86.2 MPH)
|
Batting: RHB Gabe Secundino
|
0-0: Swinging Strike 0-1: Hit by Pitch Matt Sobolewski to second
|
Batting: RHB Rohit Gadhavi
|
0-0: Ball 1-0: Called Strike 1-1: Called Strike 1-2: Ball 2-2: Foul Ball, location: 2F 2-2: Ball 3-2: Base on Balls Matt Sobolewski to third Gabe Secundino to second
|
Batting: RHB Kevin Steed
|
0-0: Called Strike 0-1: Called Strike 0-2: Ball 1-2: Hit by Pitch Matt Sobolewski scores Gabe Secundino to third Rohit Gadhavi to second
|
Batting: RHB Arnaud Derosiers
|
0-0: SINGLE (Flyball, 89S, EV 97.5 MPH) Gabe Secundino scores Rohit Gadhavi to third Kevin Steed to second Runner from 3rd tries for Home, SAFE, throw by CF to home
|
Pitching: LHP Connor Morse
|
|
Batting: RHB Leo Villa
|
0-0: Ball 1-0: SINGLE (Groundball, 56S, EV 66.9 MPH) (infield hit) Kevin Steed to third Arnaud Derosiers to second
|
Batting: RHB Adam Dudek
|
0-0: Ball 1-0: Called Strike 1-1: Swinging Strike 1-2: Hit by Pitch Kevin Steed scores Arnaud Derosiers to third Leo Villa to second
|
Batting: LHB Jesse Westmoreland
|
0-0: Called Strike 0-1: Ball 1-1: Fielders Choice at 2nd, 4-6 (Groundball, 4, EV 83.8 MPH) Arnaud Derosiers scores Leo Villa to third
|
Batting: RHB Matt Peddle
|
0-0: Called Strike 0-1: Ball Wild Pitch! Leo Villa scores Jesse Westmoreland to second 1-1: Foul Ball, location: 2F 1-2: Ball 2-2: Ball 3-2: Strikes out swinging
|
Batting: RHB Matt Sobolewski
|
0-0: Called Strike 0-1: Hit by Pitch
|
Batting: RHB Gabe Secundino
|
0-0: Fly out, F9 (Flyball, 9LS, EV 91.9 MPH)
|
Top of the 2nd over - 8 runs, 5 hits, 0 errors, 2 left on base; University of Virginia 8 - University of Nebraska 0 |
BOTTOM OF THE 2ND |
University of Nebraska Cornhuskers batting - Pitching for University of Virginia Cavaliers : RHP Yann Donizetti
|
Batting: SHB Jim Lloyd
|
0-0: Foul Ball, location: 2F 0-1: Ball 1-1: Ball 2-1: SOLO HOME RUN (Flyball, 89XD, EV 112.5 MPH), Distance : 422 ft
|
Batting: RHB Steve Terres
|
0-0: Fly out, F4 (Popup, 4, EV 55.0 MPH)
|
Batting: LHB Jessie McDonough
|
0-0: Ball 1-0: Ball 2-0: Ground out 6-3 (Groundball, 6, EV 87.5 MPH)
|
Batting: RHB Hanley Hernandez
|
0-0: Called Strike 0-1: Foul Ball, location: 2F 0-2: Fly out, F7 (Flyball, 7, EV 78.8 MPH)
|
Bottom of the 2nd over - 1 run, 1 hit, 0 errors, 0 left on base; University of Virginia 8 - University of Nebraska 1 |
TOP OF THE 3RD |
University of Virginia Cavaliers batting - Pitching for University of Nebraska Cornhuskers : LHP Connor Morse
|
Batting: RHB Rohit Gadhavi
|
0-0: Called Strike 0-1: Called Strike 0-2: Strikes out swinging
|
Batting: RHB Kevin Steed
|
0-0: Ball 1-0: Called Strike 1-1: Ball 2-1: Foul Ball, location: 2F 2-2: Ball 3-2: Foul Ball, location: 2F 3-2: SINGLE (Line Drive, 7S, EV 104.4 MPH)
|
Batting: RHB Arnaud Derosiers
|
0-0: Ball 1-0: Called Strike 1-1: Foul Ball, location: 2F 1-2: Ball 2-2: Fielders Choice at 2nd, 6-4 (Groundball, 6, EV 100.6 MPH)
|
Batting: RHB Leo Villa
|
0-0: Ball 1-0: Foul Ball, location: 2F 1-1: Foul Ball, location: 2F 1-2: Ball 2-2: Foul Ball, location: 2F 2-2: Foul Ball, location: 2F 2-2: Strikes out looking
|
Top of the 3rd over - 0 runs, 1 hit, 0 errors, 1 left on base; University of Virginia 8 - University of Nebraska 1 |
BOTTOM OF THE 3RD |
University of Nebraska Cornhuskers batting - Pitching for University of Virginia Cavaliers : RHP Yann Donizetti
|
Batting: RHB Eric Guy
|
0-0: Ball 1-0: Swinging Strike 1-1: Foul Ball, location: 2F 1-2: Strikes out swinging
|
Batting: RHB Quan Tai
|
0-0: Ball 1-0: Ball 2-0: Fly out, F4 (Popup, 34, EV 61.9 MPH)
|
Batting: LHB Duda Pinho
|
0-0: Ball 1-0: SINGLE (Groundball, 56D, EV 100.0 MPH)
|
Batting: LHB Fernão Manta
|
0-0: Ball 1-0: Ball 2-0: Ball 3-0: Called Strike 3-1: Called Strike 3-2: Base on Balls Duda Pinho to second
|
Batting: SHB Karl Starnes
|
0-0: Ball 1-0: Ball 2-0: Ball 3-0: Called Strike 3-1: Foul Ball, location: 2F 3-2: Ground out 4-3 (Groundball, 4MS, EV 62.5 MPH)
|
Bottom of the 3rd over - 0 runs, 1 hit, 0 errors, 2 left on base; University of Virginia 8 - University of Nebraska 1 |
TOP OF THE 4TH |
University of Virginia Cavaliers batting - Pitching for University of Nebraska Cornhuskers : LHP Connor Morse
|
Batting: RHB Adam Dudek
|
0-0: Ball 1-0: Called Strike 1-1: Fly out, F9 (Flyball, 89M, EV 93.8 MPH)
|
Batting: LHB Jesse Westmoreland
|
0-0: Called Strike 0-1: Reached on error, E3 (Groundball, 34, EV 97.5 MPH)
|
Batting: RHB Matt Peddle
|
0-0: Swinging Strike 0-1: Fly out, F9 (Flyball, 9, EV 88.1 MPH)
|
Batting: RHB Matt Sobolewski
|
0-0: Ball 1-0: SINGLE (Groundball, 56D, EV 105.0 MPH) Jesse Westmoreland to second
|
Batting: RHB Gabe Secundino
|
0-0: Foul Ball, location: 2F 0-1: Swinging Strike 0-2: Foul Ball, location: 2F 0-2: Ball 1-2: Fly out, F7 (Flyball, 7, EV 88.8 MPH)
|
Top of the 4th over - 0 runs, 1 hit, 1 error, 2 left on base; University of Virginia 8 - University of Nebraska 1 |
BOTTOM OF THE 4TH |
University of Nebraska Cornhuskers batting - Pitching for University of Virginia Cavaliers : RHP Yann Donizetti
|
Batting: SHB Jim Lloyd
|
0-0: Foul Ball, location: 2F 0-1: Ball 1-1: Ball 2-1: Ground out 5-3 (Groundball, 56, EV 84.4 MPH)
|
Batting: RHB Steve Terres
|
0-0: Ball 1-0: Foul Ball, location: 2F 1-1: Ball 2-1: Ground out 6-3 (Groundball, 6, EV 77.5 MPH)
|
Batting: LHB Jessie McDonough
|
0-0: Ball 1-0: Swinging Strike 1-1: Swinging Strike 1-2: Ball 2-2: DOUBLE (Groundball, 5L, EV 105.6 MPH)
|
Batting: RHB Hanley Hernandez
|
0-0: Called Strike 0-1: Fly out, F6 (Line Drive, 6, EV 74.4 MPH)
|
Bottom of the 4th over - 0 runs, 1 hit, 0 errors, 1 left on base; University of Virginia 8 - University of Nebraska 1 |
TOP OF THE 5TH |
University of Virginia Cavaliers batting - Pitching for University of Nebraska Cornhuskers : LHP Connor Morse
|
Batting: RHB Rohit Gadhavi
|
0-0: Ball 1-0: DOUBLE (Line Drive, 9LS, EV 88.1 MPH)
|
Batting: RHB Kevin Steed
|
0-0: Ball 1-0: Called Strike 1-1: Called Strike 1-2: 2-RUN HOME RUN (Flyball, 9D, EV 100.0 MPH), Distance : 369 ft
|
Pitching: RHP Justin De Chirico
|
|
Batting: RHB Arnaud Derosiers
|
0-0: Swinging Strike 0-1: Ball 1-1: Swinging Strike 1-2: Foul Ball, location: 2F 1-2: Ball 2-2: Strikes out swinging
|
Batting: RHB Leo Villa
|
0-0: Swinging Strike 0-1: Swinging Strike 0-2: Strikes out swinging
|
Batting: RHB Adam Dudek
|
0-0: Called Strike 0-1: Ball 1-1: Ball 2-1: Ball 3-1: Base on Balls
|
Batting: LHB Jesse Westmoreland
|
0-0: Called Strike 0-1: Foul Ball, location: 2F 0-2: Ball 1-2: SINGLE (Groundball, 34D, EV 96.9 MPH) Adam Dudek to second
|
Batting: RHB Matt Peddle
|
0-0: Called Strike 0-1: Called Strike 0-2: Ball 1-2: Strikes out swinging
|
Top of the 5th over - 2 runs, 3 hits, 0 errors, 2 left on base; University of Virginia 10 - University of Nebraska 1 |
BOTTOM OF THE 5TH |
University of Nebraska Cornhuskers batting - Pitching for University of Virginia Cavaliers : RHP Yann Donizetti
|
Batting: RHB Eric Guy
|
0-0: Ball 1-0: Ground out 6-3 (Groundball, 6, EV 103.1 MPH)
|
Batting: RHB Quan Tai
|
0-0: Swinging Strike 0-1: Swinging Strike 0-2: Ball 1-2: Ball 2-2: Ball 3-2: Strikes out looking
|
Batting: LHB Duda Pinho
|
0-0: Ball 1-0: Foul Ball, location: 2F 1-1: SINGLE (Line Drive, 8RS, EV 93.1 MPH)
|
Batting: LHB Fernão Manta
|
0-0: Called Strike Duda Pinho steals 2nd base 0-1: Ball 1-1: Foul Ball, location: 2F 1-2: Ball 2-2: Ball 3-2: Base on Balls
|
Batting: SHB Karl Starnes
|
0-0: Ball 1-0: Called Strike 1-1: Fly out, F9 (Flyball, 9S, EV 93.8 MPH)
|
Bottom of the 5th over - 0 runs, 1 hit, 0 errors, 2 left on base; University of Virginia 10 - University of Nebraska 1 |
TOP OF THE 6TH |
University of Virginia Cavaliers batting - Pitching for University of Nebraska Cornhuskers : RHP Justin De Chirico
|
Batting: RHB Matt Sobolewski
|
0-0: Foul Ball, location: 2F 0-1: Ball 1-1: Ball 2-1: Ball 3-1: SOLO HOME RUN (Flyball, 78XD, EV 99.4 MPH), Distance : 401 ft
|
Batting: RHB Gabe Secundino
|
0-0: Fly out, F8 (Flyball, 8LD, EV 104.4 MPH)
|
Batting: RHB Rohit Gadhavi
|
0-0: Ball 1-0: Called Strike 1-1: Ball 2-1: Ground out 4-3 (Groundball, 4, EV 89.4 MPH)
|
Batting: RHB Kevin Steed
|
0-0: Ball 1-0: Foul Ball, location: 2F 1-1: Swinging Strike 1-2: Ground out U3 (Groundball, 34, EV 103.1 MPH)
|
Top of the 6th over - 1 run, 1 hit, 0 errors, 0 left on base; University of Virginia 11 - University of Nebraska 1 |
BOTTOM OF THE 6TH |
University of Nebraska Cornhuskers batting - Pitching for University of Virginia Cavaliers : RHP Yann Donizetti
|
Batting: SHB Jim Lloyd
|
0-0: Called Strike 0-1: Ball 1-1: Called Strike 1-2: Fly out, F9 (Flyball, 9S, EV 75.6 MPH)
|
Batting: RHB Steve Terres
|
0-0: Called Strike 0-1: Foul Ball, location: 2F 0-2: Ball 1-2: Ball 2-2: Strikes out swinging
|
Batting: LHB Jessie McDonough
|
0-0: Ball 1-0: SINGLE (Line Drive, 4M, EV 93.8 MPH)
|
Batting: RHB Hanley Hernandez
|
0-0: Ball 1-0: Called Strike 1-1: Swinging Strike 1-2: Strikes out swinging
|
Bottom of the 6th over - 0 runs, 1 hit, 0 errors, 1 left on base; University of Virginia 11 - University of Nebraska 1 |
TOP OF THE 7TH |
University of Virginia Cavaliers batting - Pitching for University of Nebraska Cornhuskers : RHP Justin De Chirico
|
Batting: RHB Arnaud Derosiers
|
0-0: Ground out 5-3 (Groundball, 5, EV 86.2 MPH)
|
Batting: RHB Leo Villa
|
0-0: Ball 1-0: Foul Ball, location: 2F 1-1: Ball 2-1: Ball 3-1: Base on Balls
|
Batting: RHB Adam Dudek
|
0-0: Ball 1-0: Fielders Choice at 2nd, 6-4 (Groundball, 6, EV 83.8 MPH)
|
Batting: LHB Jesse Westmoreland
|
0-0: Swinging Strike 0-1: Called Strike 0-2: Ball Wild Pitch! Adam Dudek to second 1-2: Ground out U3 (Groundball, 3, EV 100.0 MPH)
|
Top of the 7th over - 0 runs, 0 hits, 0 errors, 1 left on base; University of Virginia 11 - University of Nebraska 1 |
BOTTOM OF THE 7TH |
University of Nebraska Cornhuskers batting - Pitching for University of Virginia Cavaliers : RHP Yann Donizetti
|
Batting: RHB Eric Guy
|
0-0: Ground out 6-3 (Groundball, 6, EV 88.1 MPH)
|
Batting: RHB Quan Tai
|
0-0: Fly out, F8 (Line Drive, 8RD, EV 88.1 MPH)
|
Batting: LHB Duda Pinho
|
0-0: Ball 1-0: Fly out, F9 (Flyball, 9S, EV 84.4 MPH)
|
Bottom of the 7th over - 0 runs, 0 hits, 0 errors, 0 left on base; University of Virginia 11 - University of Nebraska 1 |
TOP OF THE 8TH |
University of Virginia Cavaliers batting - Pitching for University of Nebraska Cornhuskers : RHP Justin De Chirico
|
Batting: RHB Matt Peddle
|
0-0: Fly out, F8 (Flyball, 8LD, EV 93.1 MPH)
|
Pinch Hitting: RHB Winston Buccat
|
0-0: Ball 1-0: Foul Ball, location: 2F 1-1: Foul Ball, location: 2F 1-2: SINGLE (Groundball, 34D, EV 95.0 MPH)
|
Pitching: RHP Ken Boyar
|
|
Batting: RHB Gabe Secundino
|
0-0: Swinging Strike 0-1: SINGLE (Groundball, 56D, EV 98.8 MPH) Winston Buccat to second
|
Batting: RHB Rohit Gadhavi
|
0-0: Called Strike 0-1: Ball Wild Pitch! Winston Buccat to third Gabe Secundino to second 1-1: SINGLE (Groundball, 56D, EV 101.9 MPH) Winston Buccat scores Gabe Secundino to third Runner from 3rd tries for Home, SAFE, throw by LF to home
|
Batting: RHB Kevin Steed
|
0-0: Called Strike 0-1: Foul Ball, location: 2F 0-2: Ball 1-2: Ball 2-2: Strikes out swinging
|
Batting: RHB Arnaud Derosiers
|
0-0: Called Strike 0-1: Ball Wild Pitch! Rohit Gadhavi to second 1-1: Ball 2-1: SINGLE (Groundball, 56S, EV 100.0 MPH) Rohit Gadhavi to third Runner from 3rd tries for Home, SAFE, throw by LF to home
|
Pinch Hitting: LHB Sean Banks
|
0-0: Ball 1-0: Ball 2-0: Foul Ball, location: 2F 2-1: Ball 3-1: Base on Balls Arnaud Derosiers to second
|
Batting: RHB Adam Dudek
|
0-0: Ball 1-0: Ground out 1-3 (Groundball, 13S, EV 67.5 MPH)
|
Top of the 8th over - 3 runs, 4 hits, 0 errors, 2 left on base; University of Virginia 14 - University of Nebraska 1 |
BOTTOM OF THE 8TH |
University of Nebraska Cornhuskers batting - Pitching for University of Virginia Cavaliers : RHP Yann Donizetti
|
Now at 3B: Winston Buccat
|
|
Now in RF: Sean Banks
|
|
Pinch Hitting: RHB Bogumil Filipowski
|
0-0: Called Strike 0-1: Ball 1-1: SINGLE (Groundball, 56D, EV 99.4 MPH)
|
Batting: SHB Karl Starnes
|
0-0: Fly out, F7 (Flyball, 7D, EV 102.5 MPH)
|
Batting: SHB Jim Lloyd
|
0-0: Ball 1-0: Swinging Strike 1-1: Called Strike 1-2: Fielders Choice at 2nd, 4-6 (Groundball, 4, EV 88.1 MPH)
|
Pitching: RHP Tim Mumpower
|
|
Batting: RHB Steve Terres
|
0-0: Called Strike 0-1: Ball 1-1: Ball Wild Pitch! Jim Lloyd to second 2-1: Fly out, F3 (Popup, 34, EV 71.2 MPH)
|
Bottom of the 8th over - 0 runs, 1 hit, 0 errors, 1 left on base; University of Virginia 14 - University of Nebraska 1 |
TOP OF THE 9TH |
University of Virginia Cavaliers batting - Pitching for University of Nebraska Cornhuskers : RHP Ken Boyar
|
Now at 1B: Alfredo Montero
|
|
Batting: LHB Jesse Westmoreland
|
0-0: Ball 1-0: Ball 2-0: Ball 3-0: Called Strike 3-1: Ground out 4-3 (Groundball, 4, EV 83.8 MPH)
|
Batting: RHB Matt Peddle
|
0-0: Ball 1-0: Called Strike 1-1: Swinging Strike 1-2: Ball 2-2: Ball 3-2: Base on Balls
|
Pinch Hitting: LHB William Gonzales
|
0-0: Fly out, F5 (Popup, 5SF, EV 83.8 MPH)
|
Batting: RHB Gabe Secundino
|
0-0: Swinging Strike 0-1: Ball 1-1: Ball 2-1: Ball 3-1: Base on Balls Matt Peddle to second
|
Batting: RHB Rohit Gadhavi
|
0-0: Called Strike 0-1: SINGLE (Groundball, 6S, EV 64.4 MPH) (infield hit) Matt Peddle to third Gabe Secundino to second
|
Batting: RHB Kevin Steed
|
0-0: Fielders Choice at 2nd, 6-4 (Groundball, 6, EV 88.1 MPH)
|
Top of the 9th over - 0 runs, 1 hit, 0 errors, 3 left on base; University of Virginia 14 - University of Nebraska 1 |
BOTTOM OF THE 9TH |
University of Nebraska Cornhuskers batting - Pitching for University of Virginia Cavaliers : RHP Tim Mumpower
|
Now at 3B: Al Blanchard
|
|
Pinch Hitting: LHB Robert Ortiz
|
0-0: Fly out, F8 (Flyball, 8RXD, EV 90.6 MPH)
|
Pinch Hitting: LHB Jerry Santana
|
0-0: Fly out, F7 (Flyball, 7LM, EV 93.8 MPH)
|
Batting: RHB Eric Guy
|
0-0: Called Strike 0-1: Swinging Strike 0-2: Fly out, F5 (Line Drive, 5, EV 68.8 MPH)
|
Bottom of the 9th over - 0 runs, 0 hits, 0 errors, 0 left on base; University of Virginia 14 - University of Nebraska 1 |
|